 Dungeon Crawl Stone Soup version 0.30-a0-739-gea05faddec (webtiles) character file.

Game seed: 9859825737395963955

86766 lambentLogic the Imperceptible (level 16, -7/82 HPs)
             Began as a Kobold Enchanter on Feb 4, 2023.
             Was a High Priest of Hepliaklqana.
             Mangled by a pharaoh ant (26 damage)
             ... on level 1 of the Spider Nest.
             The game lasted 01:44:49 (29852 turns).

lambentLogic the Imperceptible (Kobold Enchanter)  Turns: 29852, Time: 01:44:49

Health: -7/82      AC: 20    Str:  9      XL:     16   Next: 35%
Magic:  22/32      EV: 20    Int: 22 (23) God:    Hepliaklqana [*****.]
Gold:   1711       SH:  4    Dex: 17      Spells: 3/40 levels left

rFire   + . .      SeeInvis +    F - +4 short sword (vamp)
rCold   . . .      Faith    .    (no shield)
rNeg    . . .      Spirit   .    O - +5 steam dragon scales
rPois   +          Reflect  .    (no helmet)
rElec   .          Harm     .    p - +2 cloak {rCorr}
rCorr   +          Rampage  .    (no gloves)
Will    +....                    d - +2 pair of boots {Stlth+}
Stlth   ++++++++++               t - amulet of regeneration
HPRegen 1.13/turn                X - ring of see invisible
MPRegen 0.23/turn                Y - ring of Udogi {rPois rF+ AC+4 Str+4}

@: lethally poisoned (-7 -> -8), freezing walls, studying Polearms
A: reduced essence, small, no large weapons, nightstalker 3, large bone plates
1, poison resistance
a: Renounce Religion, Recall Ancestor, Ancestor Identity, Transference, Idealise


You were on level 1 of the Spider Nest.
You worshipped Hepliaklqana.
Hepliaklqana was extremely pleased with you.
You visited 5 branches of the dungeon, and saw 22 of its levels.
You also visited: Sewer and Gauntlet.

You collected 3275 gold pieces.
You spent 1564 gold pieces at shops.

Inventory:

Hand Weapons
 j - a +3 dagger of protection
 F - a +4 vampiric short sword (weapon)
 K - a +2 dagger of venom
Missiles
 b - 5 boomerangs of dispersal
 i - 4 atropa-tipped darts
 o - 50 poisoned darts
 y - 4 curare-tipped darts (quivered)
 V - 2 throwing nets
Armour
 d - a +2 pair of boots of stealth (worn)
 h - the +18 shield of the Gong {Loud rElec rN+ Will+ EV-5}
   (You took it off a minotaur in a Gauntlet)

   Loud:      It is deafeningly noisy when blocking attacks.
   EV:        It affects your evasion (-5).
   rElec:     It insulates you from electricity.
   rN:        It protects you from negative energy.
   Will:      It increases your willpower.
 p - a +2 cloak of preservation (worn)
 O - +5 steam dragon scales (worn)
 Q - a +1 robe of resistance
Jewellery
 g - a +4 ring of slaying
 t - an amulet of regeneration (around neck)
 M - a ring of flight
 T - the ring of Shadows {Umbra +Inv Stlth+}
   (You bought it in a shop on level 2 of the Orcish Mines)

   [ring of stealth]

   Umbra:     It surrounds you with an aura of shadow, increasing your stealth
   and reducing the accuracy of all others within it.
   +Inv:      It lets you turn invisible.
   Stlth:     It makes you more stealthy.
 X - a ring of see invisible (left hand)
 Y - the ring of Udogi (right hand) {rPois rF+ AC+4 Str+4}
   (You found it in a Gauntlet)

   [ring of protection]

   AC:        It affects your AC (+4).
   Str:       It affects your strength (+4).
   rF:        It protects you from fire.
   rPois:     It protects you from poison.
Wands
 l - a wand of light (7)
 s - a wand of flame (67)
 E - a wand of iceblast (30)
 N - a wand of polymorph (11)
Scrolls
 a - 2 scrolls of blinking
 n - 2 scrolls of magic mapping
 q - a scroll of identify
 r - a scroll of fear
 v - 4 scrolls of poison
 B - 10 scrolls of teleportation
 J - 5 scrolls of fog
 L - a scroll of brand weapon
 R - 2 scrolls of summoning
Potions
 c - a potion of might
 e - a potion of resistance
 f - 3 potions of berserk rage
 k - 3 potions of brilliance
 m - 4 potions of haste
 u - 3 potions of flight
 A - 2 potions of cancellation
 D - 7 potions of curing
 H - a potion of magic
 U - a potion of ambrosia
Miscellaneous
 S - a lightning rod (4/4)
 Z - a tin of tremorstones (2/2)


   Skills:
 + Level 7.0 Fighting
 + Level 10.2 Short Blades
 + Level 6.2 Throwing
 + Level 9.4 Dodging
 + Level 21.2 Stealth
 + Level 2.8 Shields
 + Level 12.6 Spellcasting
 + Level 3.4 Conjurations
 + Level 9.4 Hexes
 + Level 3.7 Summonings
 + Level 1.0 Transmutations
 + Level 9.2 Ice Magic
 + Level 2.6 Air Magic
 + Level 3.4 Evocations


You had 3 spell levels left.
You knew the following spells:

 Your Spells              Type           Power      Damage    Failure   Level
a - Ensorcelled Hibernat  Hex/Ice        100%       N/A       1%          2
b - Tukima's Dance        Hex            53%        N/A       1%          3
c - Confusing Touch       Hex            53%        N/A       1%          3
d - Dazzling Flash        Conj/Hex       84%        N/A       1%          3
e - Magic Dart            Conj           100%       1d8       1%          1
f - Frozen Ramparts       Ice            100%       1d16      1%          3
g - Fulminant Prism       Conj/Hex       21%        3d12      3%          4
h - Summon Mana Viper     Hex/Summ       42%        N/A       9%          5
i - Summon Lightning Spi  Summ/Air       27%        N/A       13%         4
j - Summon Ice Beast      Ice/Summ       42%        N/A       3%          4
k - Yara's Violent Unrav  Hex/Tmut       18%        3d9       16%         5

Your spell library contained the following spells:

 Spells                   Type           Power      Damage    Failure   Level
 Freeze                   Ice            100%       1d10      1%          1
 Searing Ray              Conj           58%        2d6       1%          2
 Hailstorm                Conj/Ice       41%        3d10      1%          3
 Portal Projectile        Hex/Tloc       68%        N/A       1%          3
 Call Canine Familiar     Summ           30%        N/A       3%          3
 Necrotise                Necr           52%        1d6       4%          1
 Blink                    Tloc           26%        N/A       7%          2
 Vhi's Electric Charge    Tloc/Air       38%        N/A       9%          3
 Kindle Blastsparks       Fire/Tloc/Air  34%        2d12      10%         3
 Leda's Liquefaction      Hex/Erth       17%        N/A       7%          4
 Arcjolt                  Conj/Air       13%        1d23      36%         5
 Manifold Assault         Tloc           13%        N/A       43%         4
 Passage of Golubria      Tloc           13%        N/A       43%         4
 Blade Hands              Tmut           9%         N/A       63%         5
 Summon Cactus Giant      Summ           15%        N/A       83%         6
 Monstrous Menagerie      Summ           15%        N/A       100%        7
 Storm Form               Tmut/Air       10%        N/A       100%        7
 Borgnjor's Revivificati  Necr           6%         N/A       100%        8
 Infestation              Necr           6%         N/A       100%        8
 Maxwell's Capacitive Co  Air            12%        ∞         100%        8


Dungeon Overview and Level Annotations

Branches:
Dungeon (11/15)            Temple (1/1) D:7            Lair (5/5) D:11
 Shoals (0/4) Lair:2       Spider (3/4) Lair:2        Slime (0/5) Lair:5
    Orc (2/2) D:11            Elf (0/3) Orc:2         Sewer (visited)
Gauntlet (visited)

Altars:
Ashenzari
Cheibriados
Elyvilon
Fedhas
Gozag
Hepliaklqana
Kikubaaqudgha
Makhleb
Nemelex Xobeh
Okawaru
Qazlal
Ru
Sif Muna
Trog
Uskayaw
Vehumet
Wu Jian
Xom
Yredelemnul
Zin
The Shining One
Jiyva
Lugonu

Shops:
D:10 !   Orc:1 (   Orc:2 [?[=


Innate Abilities, Weirdness & Mutations

Your life essence is reduced to manifest your ancestor. (-10% HP)
You are small and have problems with some larger weapons.
You are completely attuned to the shadows.
You are partially covered in large bone plates. (SH +4)
Your system is resistant to poisons. (rPois)


Message History

The wall freezes the jumping spider but does no damage.
The jumping spider closely misses you. x2; The wall freezes the culicivora.
The culicivora barely misses you.
The wall freezes the redback.
The redback closely misses you.
The wall freezes the redback! Ælfthryth points at the wolf spider and mumbles some strange words.
The wolf spider suddenly stops moving!
The wall freezes the jumping spider.
You kill the jumping spider!
The wall freezes the culicivora but does no damage.
The culicivora barely misses you. The redback closely misses you.
You feel your dexterity returning.
The helpless wolf spider fails to defend itself.
You spit the wolf spider like a pig!!!!
You feel better.
You kill the wolf spider!
You feel sick. Ælfthryth hits the redback with a +0 dagger of draining!
The wall freezes the culicivora.
The culicivora barely misses you.
You closely miss the culicivora.
The culicivora is almost dead.
You feel sick. The redback bites you!
The wall freezes the redback. Ælfthryth hits the redback with a +0 dagger of draining!
Casting: Dazzling Flash (safe; 1% risk of failure)
Confirm with . or Enter, or press ? or * to list all spells.
Your hands begin to glow red.
You feel sick.
The wall freezes the culicivora.
The redback bites Ælfthryth but does no damage.
The wall freezes the redback but does no damage.
The pharaoh ant barely misses you. Ælfthryth completely misses the redback. Ælfthryth hits the redback with a +0 dagger of draining!
The redback dies!
You hit the pharaoh ant but do no damage.
The pharaoh ant is lightly damaged.
You feel sick.
The wall freezes the redback but does no damage.
You block the redback's attack. The pharaoh ant bites you!!
* * * LOW HITPOINT WARNING * * *
The culicivora bites Ælfthryth!!
You hit the redback but do no damage.
The redback appears confused.
The redback is heavily wounded.
The wall freezes the redback.
The pharaoh ant bites you!!
You die...

#### .#..
#...^#....
#...sss..
#..RB.#
#...@.#
#....†#
##..####
####.. #....#
##.#..#
#....##
###.....#
##....#
####.#....##
#...#.#
#..#^......#
.##...###
###.....##..##
.....##
#.......#...#


You could see the friendly Ælfthryth the hexer, a culicivora (wandering, blind,
ally target), a pharaoh ant and 2 redbacks.

Vanquished Creatures
  A ghost moth (Spider:2)
  Nessos (Lair:3)
  The ghost of Tuexibol the Grappler, a journeyman TrFi of Zin (Lair:1)
  A minotaur (Gauntlet)
  A spark wasp (Spider:2)
  A fire dragon (Lair:5)
  The ghost of porpoise the Basher, a journeyman FoFi of Hepliaklqana (D:11)
  An entropy weaver (Spider:1)
  2 hydras (Lair:4)
  A boulder beetle (Lair:3)
  3 jorogumos
  A two-headed ogre (D:11)
  4 orc high priests (Orc:2)
  The ghost of jimonade the Covert, a novice VSBr of Ashenzari (D:9)
  A pharaoh ant (Spider:2)
  2 orb spiders (Spider:2)
  A lindwurm (Lair:5)
  A wizard (Gauntlet)
  3 steelbarb worms
  Pikel (D:6)
  5 orc knights
  5 orc sorcerers (Orc:2)
  6 wolf spiders
  4 cyclopes (D:11)
  2 moths of wrath
  2 elephants
  4 black mambas
  A torpor snail (Lair:4)
  8 cane toads
  A molten gargoyle (Lair:5)
  An unseen horror (D:10)
  4 demonic crawlers
  6 rime drakes
  10 komodo dragons
  Maggie (D:7)
  A freezing wraith (D:9)
  3 meliai (Spider:2)
  A troll (D:11)
  10 tarantellas
  A polar bear (Lair:4)
  7 blink frogs
  3 dream sheep (Lair:3)
  5 jumping spiders
  Sigmund (D:5)
  A shadow (D:9)
  4 culicivoras
  35 yaks
  3 wraiths (D:9)
  4 wyverns (Lair:5)
  A vampire (D:11)
  4 basilisks
  10 steam dragons
  2 vampire mosquitoes (D:10)
  27 redbacks
  Menkaure (D:7)
  A dancing weapon (D:9)
  2 wargs (Orc:2)
  10 water moccasins
  Duvessa (D:6)
  3 acid dragons
  A sky beast (D:7)
  4 hell hounds (Lair:5)
  28 orc warriors
  4 ice beasts
  4 ogres
  6 centaurs
  16 wolves
  The ghost of theblackgale the Cruncher, an amateur GnWn of Vehumet (D:5)
  2 lemures (D:6)
  A phantom (D:6)
  11 kobold brigands
  5 scorpions
  7 bullfrogs
  A necrophage (D:6)
  2 gnoll sergeants (D:9)
  6 wights
  A hexer (Lair:4)
  Dowan (D:6)
  2 vampire bats (D:8)
  4 howler monkeys
  5 electric eels
  6 jellies
  4 lava snakes (Lair:5)
  7 hounds
  12 orc priests
  3 iguanas
  21 orc wizards
  6 hell rats (Lair:1)
  A bullfrog simulacrum (D:6)
  3 river rats
  9 adders
  11 gnolls
  2 shadow imps
  6 white imps
  A howler monkey simulacrum (D:6)
  An ufetubus (D:4)
  5 worms
  2 dart slugs
  72 orcs
  14 endoplasms
  3 giant cockroaches
  8 goblins
  5 hobgoblins
  14 jackals
  5 quokkas
  5 ball pythons
  13 bats
  2 frilled lizards (D:1)
  21 kobolds
  10 rats
  A fulminant prism (D:11)
615 creatures vanquished.

Vanquished Creatures (collateral kills)
  A minotaur (D:11)
  A hydra (Lair:5)
  A catoblepas (Lair:1)
  A two-headed ogre (D:11)
  3 pharaoh ants (Spider:2)
  2 orb spiders
  A wizard (Gauntlet)
  The ghost of Splishie the Grave Robber, a novice GnWn of Zin (D:6)
  3 wolf spiders (Spider:2)
  An ugly thing (D:11)
  2 elephants (Lair:4)
  2 torpor snails
  A black mamba (Lair:2)
  2 cane toads
  4 rime drakes (Lair:2)
  An unseen horror zombie (D:7)
  3 komodo dragons
  2 tarantellas
  A polar bear (Lair:2)
  4 blink frogs
  A dream sheep (Lair:3)
  2 culicivoras
  4 jumping spiders
  A shadow (D:11)
  2 wyverns (Lair:3)
  6 steam dragons (Lair:2)
  A basilisk (Lair:5)
  11 yaks
  2 vampire mosquitoes (D:10)
  A warg (Orc:1)
  5 redbacks
  2 orc warriors (D:11)
  7 wolves
  A centaur (D:11)
  A phantom (D:7)
  2 nameless horrors
  3 bullfrogs
  A necrophage (D:7)
  3 wights (D:9)
  A hornet simulacrum (D:6)
  A lava snake (Lair:5)
  2 jellies (Lair:5)
  An orc wizard (Orc:2)
  A hell rat (Lair:1)
  2 gnolls (D:9)
  A shadow imp (Gauntlet)
  A white imp (Gauntlet)
  12 orcs
  A kobold (D:4)
  2 butterflies (Lair:3)
118 creatures vanquished.

Vanquished Creatures (others)
  A molten gargoyle (Lair:5)
  A yak (Lair:2)
  12 dancing weapons
  11 hexers
  2 ancestors (D:11)
  A demonic plant (Gauntlet)
  26 fulminant prisms
  26 fungi
  43 plants
123 creatures vanquished.

Grand Total: 856 creatures vanquished

Notes
Turn   | Place    | Note
-------+----------+-------------------------------------------
     0 | D:1      | lambentLogic the Kobold Enchanter began the quest for the
                  | Orb.
     0 | D:1      | Reached XP level 1. HP: 10/10 MP: 3/3
   114 | D:1      | Reached XP level 2. HP: 8/15 MP: 5/5
   205 | D:1      | Learned a level 2 spell: Ensorcelled Hibernation
   350 | D:1      | Reached XP level 3. HP: 19/19 MP: 6/6
   533 | D:1      | Learned a level 3 spell: Tukima's Dance
   786 | D:1      | Reached skill level 5 in Stealth
   835 | D:2      | Reached XP level 4. HP: 24/24 MP: 1/7
  1546 | D:2      | Learned a level 3 spell: Confusing Touch
  1754 | D:2      | Found a faded altar of an unknown god.
  1774 | D:2      | Reached skill level 6 in Stealth
  1774 | D:2      | Reached XP level 5. HP: 28/28 MP: 8/8
  2305 | D:3      | Found a glowing drain.
  2369 | Sewer    | Entered a sewer
  2518 | Sewer    | Reached XP level 6. HP: 32/32 MP: 7/10
  2609 | Sewer    | Reached skill level 1 in Ice Magic
  2640 | Sewer    | Learned a level 3 spell: Dazzling Flash
  2735 | Sewer    | Reached skill level 7 in Stealth
  2807 | Sewer    | Reached skill level 1 in Fighting
  2840 | Sewer    | Reached XP level 7. HP: 36/38 MP: 2/11
  3511 | Sewer    | Reached skill level 8 in Stealth
  3515 | Sewer    | Reached XP level 8. HP: 14/43 MP: 13/13
  3773 | D:3      | Learned a level 1 spell: Magic Dart
  3809 | D:3      | Found an iron altar of Okawaru.
  4587 | D:4      | Reached skill level 1 in Throwing
  5670 | D:4      | Found a glowing silver altar of Zin.
  5909 | D:5      | Entered Level 5 of the Dungeon
  6000 | D:5      | Reached skill level 9 in Stealth
  6201 | D:5      | Reached XP level 9. HP: 45/47 MP: 12/15
  6277 | D:5      | Noticed Sigmund
  6281 | D:5      | Killed Sigmund
  6282 | D:5      | Reached skill level 10 in Stealth
  6290 | D:5      | Reached skill level 5 in Hexes
  6339 | D:5      | Found a large runed translucent door.
  6340 | D:5      | Found a large runed translucent door.
  6432 | D:5      | Learned a level 3 spell: Frozen Ramparts
  6700 | D:5      | Found a sacrificial altar of Ru.
  7062 | D:6      | Noticed Pikel
  7083 | D:6      | Killed Pikel
  7084 | D:6      | Reached skill level 5 in Short Blades
  7084 | D:6      | Reached skill level 5 in Spellcasting
  7266 | D:6      | Found an opulent altar of Gozag.
  7295 | D:6      | Reached skill level 1 in Conjurations
  7401 | D:6      | Reached skill level 11 in Stealth
  7505 | D:6      | Noticed Dowan
  7505 | D:6      | Noticed Duvessa
  7513 | D:6      | Killed Duvessa
  7530 | D:6      | Killed Dowan
  7643 | D:6      | Found a runed translucent gate.
  7645 | D:6      | Found a runed translucent gate.
  7647 | D:6      | Found a runed translucent gate.
  7885 | D:6      | Reached XP level 10. HP: 53/53 MP: 18/18
  8391 | D:6      | Gained mutation: Your system is resistant to poisons.
                  | (rPois) [potion of mutation]
  8391 | D:6      | Gained mutation: You are partially covered in large bone
                  | plates. (SH +4) [potion of mutation]
  8453 | D:6      | Learned a level 4 spell: Fulminant Prism
  8661 | D:7      | Noticed Maggie
  8662 | D:7      | Found a basalt altar of Yredelemnul.
  8663 | D:7      | Noticed Menkaure
  8668 | D:7      | Killed Maggie
  8670 | D:7      | Found an ancient bone altar of Kikubaaqudgha.
  8699 | D:7      | Found a transporter.
  8803 | D:7      | Found a snail-covered altar of Cheibriados.
  8882 | D:7      | Found a staircase to the Ecumenical Temple.
  8905 | D:7      | Reached skill level 12 in Stealth
  8910 | Temple   | Entered the Ecumenical Temple
  9297 | D:7      | Found a transporter.
  9446 | D:7      | Found an ornate altar of the Wu Jian Council.
  9600 | D:8      | Reached skill level 13 in Stealth
  9989 | D:8      | Found a shimmering altar of Xom.
  9990 | D:8      | Found a hazy altar of Hepliaklqana.
  9992 | D:8      | Noticed a spectral ugly thing
  9995 | D:8      | Became a worshipper of Hepliaklqana the Forgotten
 11303 | D:9      | Found a runed translucent gate.
 11303 | D:9      | Found a runed translucent gate.
 11303 | D:9      | Found a runed translucent gate.
 11306 | D:9      | Noticed jimonade's ghost (novice VSBr)
 11307 | D:9      | Noticed a freezing wraith
 11608 | D:9      | Reached * piety under Hepliaklqana
 11660 | D:9      | Reached XP level 11. HP: 24/53 MP: 7/20
 11875 | D:9      | Reached skill level 5 in Dodging
 12001 | D:9      | Found a radiant altar of Vehumet.
 12010 | D:9      | Found a glowing golden altar of the Shining One.
 12185 | D:10     | Entered Level 10 of the Dungeon
 12195 | D:10     | Found a stormy altar of Qazlal.
 12249 | D:10     | Found a burning altar of Makhleb.
 12312 | D:10     | Learned a level 3 spell: Hailstorm
 12522 | D:10     | Found Pootwop's Distillery.
 12529 | D:10     | Bought a potion of heal wounds for 60 gold pieces
 12529 | D:10     | Bought a potion of heal wounds for 60 gold pieces
 12556 | D:10     | Found a blossoming altar of Fedhas.
 12608 | D:10     | Reached skill level 14 in Stealth
 12608 | D:10     | Reached skill level 5 in Ice Magic
 12659 | D:10     | Reached skill level 1 in Shields
 13233 | D:11     | Noticed a cyclops
 13236 | D:11     | Killed a cyclops
 13263 | D:11     | Noticed a cyclops
 13288 | D:11     | Killed a cyclops
 13676 | D:11     | Noticed a cyclops
 13866 | D:11     | Noticed a cyclops
 13870 | D:11     | Killed a cyclops
 13871 | D:11     | Reached ** piety under Hepliaklqana
 13872 | D:11     | Remembered your ancestor Ælfthryth as a hexer
 13902 | D:11     | Found a staircase to the Orcish Mines.
 14365 | D:11     | Reached XP level 12. HP: 50/57 MP: 1/24
 14514 | D:11     | Found a runed translucent gate.
 14514 | D:11     | Found a runed translucent gate.
 14515 | D:11     | Found a runed translucent gate.
 14519 | D:11     | Noticed a two-headed ogre
 14535 | D:11     | Noticed porpoise's ghost (journeyman FoFi)
 14540 | D:11     | Noticed a minotaur
 14580 | D:11     | Reached skill level 15 in Stealth
 14586 | D:11     | Found a staircase to the Lair.
 14890 | D:11     | Noticed a two-headed ogre
 14894 | D:11     | Killed a two-headed ogre
 15067 | Lair:1   | Entered Level 1 of the Lair of Beasts
 15068 | Lair:1   | Found a gate leading to a gauntlet.
 15081 | Gauntlet | Entered a Gauntlet
 15081 | Gauntlet | Found a transporter.
 15086 | Gauntlet | Learned a level 3 spell: Call Canine Familiar
 15100 | Gauntlet | Found a transporter.
 15113 | Gauntlet | Found a transporter.
 15116 | Gauntlet | Noticed a sixfirhy
 15121 | Gauntlet | Noticed a sixfirhy
 15129 | Gauntlet | Found a transporter.
 15139 | Gauntlet | Found a transporter.
 15139 | Gauntlet | Noticed a sixfirhy
 15149 | Gauntlet | Found a transporter.
 15155 | Gauntlet | Noticed a dire elephant
 15162 | Gauntlet | Found a transporter.
 15189 | Gauntlet | Found a transporter.
 15214 | Gauntlet | Found a transporter.
 15245 | Gauntlet | Found a transporter.
 15271 | Gauntlet | Noticed a sixfirhy
 15272 | Gauntlet | Noticed a sixfirhy
 15280 | Gauntlet | Found a transporter.
 15290 | Gauntlet | Found a transporter.
 15302 | Gauntlet | Found a transporter.
 15332 | Gauntlet | Found a transporter.
 15520 | Gauntlet | Reached skill level 5 in Throwing
 15832 | Gauntlet | Identified the ring of Udogi {rPois rF+ AC+4 Str+4}
 15913 | Gauntlet | Noticed a minotaur
 15932 | Gauntlet | Killed a minotaur
 15958 | Gauntlet | Got Kikubaaqudgha's Folio of Rot
 16134 | Lair:1   | Reached skill level 1 in Evocations
 16289 | Lair:1   | Found a transporter.
 16707 | Lair:1   | Noticed a catoblepas
 16713 | Lair:1   | Killed a catoblepas
 16740 | Lair:1   | Found a transporter.
 16772 | Lair:1   | Reached skill level 16 in Stealth
 17184 | Lair:1   | Reached XP level 13. HP: 62/63 MP: 13/26
 17535 | Lair:2   | Reached skill level 5 in Fighting
 17683 | Lair:2   | Reached *** piety under Hepliaklqana
 17716 | Lair:2   | Reached skill level 17 in Stealth
 17857 | Lair:2   | Found a staircase to the Shoals.
 17986 | Lair:2   | Learned a level 4 spell: Summon Ice Beast
 18363 | Lair:2   | Found a hole to the Spider Nest.
 18883 | Lair:3   | Reached skill level 10 in Spellcasting
 19182 | Lair:3   | Reached **** piety under Hepliaklqana
 19315 | Lair:3   | Noticed Nessos
 19321 | Lair:3   | Killed Nessos
 19322 | Lair:3   | Reached skill level 1 in Summonings
 19649 | Lair:3   | Found the +6 Majin-Bo {spellvamp, MP+6 Int+6}
 20372 | Lair:4   | Reached XP level 14. HP: 71/71 MP: 18/28
 20914 | Lair:4   | Reached skill level 18 in Stealth
 21332 | Lair:4   | Learned a level 4 spell: Summon Lightning Spire
 21482 | Lair:4   | Reached ***** piety under Hepliaklqana
 22203 | Lair:5   | Entered Level 5 of the Lair of Beasts
 22203 | Lair:5   | Found a viscous altar of Jiyva.
 22223 | Lair:5   | Found a staircase to the Slime Pits.
 22938 | Lair:5   | Reached skill level 1 in Air Magic
 23660 | Lair:5   | Reached skill level 19 in Stealth
 23717 | Lair:5   | Learned a level 5 spell: Yara's Violent Unravelling
 23913 | Lair:5   | Found a large runed translucent door.
 23913 | Lair:5   | Found a large runed translucent door.
 24370 | D:11     | Killed a minotaur
 24387 | D:11     | Killed porpoise's ghost
 24622 | D:9      | Killed jimonade's ghost
 24841 | D:7      | Killed Menkaure
 24972 | D:7      | Identified the +2 morningstar "Keog Qoirph" {holy, Will++
                  | SInv}
 25145 | D:6      | Noticed Splishie's ghost (novice GnWn)
 25158 | D:6      | Killed Splishie's ghost
 25159 | D:6      | Reached XP level 15. HP: 42/75 MP: 16/30
 25326 | D:5      | Noticed theblackgale's ghost (amateur GnWn)
 25331 | D:5      | Killed theblackgale's ghost
 25683 | Lair:1   | Noticed Tuexibol's ghost (journeyman TrFi)
 25699 | Lair:1   | Killed Tuexibol's ghost
 26565 | Orc:1    | Entered Level 1 of the Orcish Mines
 26571 | Orc:1    | Found a bloodstained altar of Trog.
 26909 | Orc:1    | Found Iruwups's Antique Weapon Shop.
 27056 | Orc:2    | Entered Level 2 of the Orcish Mines
 27283 | Orc:2    | Found a staircase to the Elven Halls.
 27576 | Orc:2    | Reached skill level 1 in Transmutations
 27745 | Orc:2    | Found Jyrikiok's Armour Shop.
 27747 | Orc:2    | Found Eninnaoh's Jewellery Emporium.
 27752 | Orc:2    | Bought the ring of Shadows {Umbra +Inv Stlth+} for 600 gold
                  | pieces
 27752 | Orc:2    | Found the ring of Shadows {Umbra +Inv Stlth+}
 27793 | Orc:2    | Found Kapeis's Armour Emporium.
 27794 | Orc:2    | Found Nayv's Magic Scroll Shop.
 27798 | Orc:2    | Bought a +0 pair of boots of stealth for 184 gold pieces
 27815 | Orc:2    | Bought 2 scrolls of magic mapping for 180 gold pieces
 27815 | Orc:2    | Bought a scroll of enchant armour for 90 gold pieces
 27815 | Orc:2    | Bought a scroll of silence for 114 gold pieces
 27815 | Orc:2    | Bought a scroll of amnesia for 48 gold pieces
 27815 | Orc:2    | Bought a scroll of summoning for 114 gold pieces
 27815 | Orc:2    | Bought a scroll of enchant armour for 90 gold pieces
 27815 | Orc:2    | Bought a scroll of identify for 24 gold pieces
 27825 | Orc:2    | Learned a level 5 spell: Summon Mana Viper
 28248 | Spider:1 | Entered Level 1 of the Spider Nest
 28316 | Spider:1 | You fall into a shaft and drop 1 floor!
 28400 | Spider:2 | Reached skill level 20 in Stealth
 28919 | Spider:2 | Reached skill level 10 in Short Blades
 28922 | Spider:2 | Reached XP level 16. HP: 41/79 MP: 11/32
 29446 | Spider:1 | Got Mefot's Reference Book on the Overcast Comitatus
 29689 | Spider:1 | Reached skill level 21 in Stealth
 29852 | Spider:1 | Mangled by a pharaoh ant

Illustrated notes

Levels and vault maps discovered:
D:1:      psy_arrival_heroes, layout_basic, minmay_small_reverse_x
D:2:      layout_basic, ebering_ecumenical_altar_hall, minmay_distorted
D:3:      layout_basic, okawaru_ov_weapons_minmay, cheibrodos_sewer_entry_sluice
D:4:      minmay_chambers_of_twos, layout_basic, general_overflow_altar
D:5:      layout_basic, nicolae_ru_sacrificial_ziggurat, lemuel_tele_altar,
          ebering_ghost_disaster_area, serial_corexii_hall,
          chequers_hall_statues_corner_a, chequers_hall_statues_corner_a,
          uniq_sigmund
D:6:      layout_loops_corners, grunt_gozag_breadcrumbs, gammafunk_ghost_icy,
          kennysheep_generic_room_12, uniq_duvessa, uniq_pikel
D:7:      layout_loops_ring, nicolae_overflow_crystal_walls,
          gammafunk_temple_of_torment, kennysheep_mini,
          minmay_temple_entry_slanted, minmay_misc_feat_plants,
          minmay_starry_boxes, uniq_maggie
D:8:      layout_basic, regret_index_temple_of_mockery, serial_glass,
          glass_columns_b, glass_columns_a, glass_columns_a, glass_columns_a,
          glass_columns_a, glass_columns_b, glass_columns_a, glass_columns_a,
          glass_columns_a, glass_columns_a, glass_columns_a, glass_columns_a,
          glass_columns_a, glass_columns_c, roderic_batcave
D:9:      layout_cave_pods, mainiacjoe_overflow_swirl, gammafunk_ghost_spectres
D:10:     layout_big_octagon, nicolae_qazlal_style_of_elements, fedhas_altar_3,
          lemuel_round_altar, serial_shops, nicolae_lakefront_shop
D:11:     layout_rooms, erik_lair_island, orc_0_dummy, special_room
          [special_room_orc], maelrawn_ghost_gauntlet_escape,
          minmay_quadrilaterals
Temple:   corrupted_temple
Lair:1:   layout_long_grid, nzn_ghost_randoct, gauntlet_entry_generic
Lair:2:   layout_gridlike, elwin_shoals_entry_rocks,
          nicolae_spider_entry_orb_guardian, bobbens_dragon_lair_wall,
          serial_bayou_shore_a, infiniplex_staircase_pool
Lair:3:   layout_cave_pods, serial_bayou_shore_b, grunt_megastairs_3,
          lemuel_fruit_fields, lemuel_fruit_tree, uniq_nessos
Lair:4:   nzn_winding_woodlands_medium [nzn_winding_woodlands_hourglass,
          nzn_winding_woodlands_5x15_sidewinder,
          nzn_winding_woodlands_5x5_closed_star,
          nzn_winding_woodlands_5x5_open_star,
          nzn_winding_woodlands_center_garden,
          nzn_winding_woodlands_5x5_checkerboard,
          nzn_winding_woodlands_5x5_default, nzn_winding_woodlands_5x15_zeroes,
          nzn_winding_woodlands_5x5_cross], layout_regular_city
Lair:5:   cheibrodos_lair_end_hotspot, layout_gridlike,
          nicolae_slime_entry_field_trip
Spider:1: layout_spider_delve, drop_trap
Spider:2: layout_spider_delve, nicolae_spider_wall_of_niches
Spider:3: layout_cave_pods
Orc:1:    layout_caves, serial_shops, nicolae_square_shop, trog_butcher_becter
Orc:2:    st_orc_elflike, layout_caves

Skill      XL: |  1  2  3  4  5  6  7  8  9 10 11 12 13 14 15 16 |
---------------+-------------------------------------------------+-----
Stealth        | 5 6 7 8 9 11 13 14 16 17 19 20 21 | 21.2
Dodging        | 3 4 5 6 7 8 9 |  9.4
Short Blades   | 2 3 4 5 6 7 9 10 | 10.2
Spellcasting   | 3 4 5 6 8 9 10 11 12 | 12.6
Ice Magic      | 1 2 3 4 5 6 7 8 9 |  9.2
Fighting       | 1 2 3 4 5 6 7 |  7.0
Hexes          | 4 5 6 7 8 9 |  9.4
Throwing       | 2 3 4 5 6 |  6.2
Conjurations   | 1 2 3 |  3.4
Shields        | 1 2 |  2.8
Evocations     | 2 3 |  3.4
Summonings     | 1 2 3 |  3.7
Air Magic      | 1 2 |  2.6
Transmutations | 1 |  1.0

Action                     |  1- 3 |  4- 6 |  7- 9 | 10-12 | 13-15 | 16-18 || total
---------------------------+-------+-------+-------+-------+-------+-------++-------
  Melee: Dagger            |    52 |   146 |    97 |       |       |       ||   295
         Punch             |       |     2 |     2 |     3 |    14 |     1 ||    22
         Short sword       |       |       |   152 |   363 |   765 |    89 ||  1369
  Throw: Dart              |     1 |     7 |    32 |   108 |    41 |     5 ||   194
         Throwing net      |       |       |     1 |       |       |       ||     1
         Boomerang         |       |       |       |     6 |       |       ||     6
   Cast: Ensorcelled Hiber |     3 |    30 |    58 |    50 |    94 |     3 ||   238
         Tukima's Dance    |     3 |     1 |    10 |    28 |    10 |       ||    52
         Magic Dart        |       |       |    17 |    22 |     3 |       ||    42
         Dazzling Flash    |       |       |     5 |    19 |    21 |     5 ||    50
         Confusing Touch   |       |       |     3 |    10 |    23 |     1 ||    37
         Frozen Ramparts   |       |       |     5 |    28 |    26 |     3 ||    62
         Fulminant Prism   |       |       |       |    20 |     7 |       ||    27
         Hailstorm         |       |       |       |     6 |    15 |       ||    21
         Call Canine Famil |       |       |       |     5 |     8 |       ||    13
         Summon Ice Beast  |       |       |       |       |    34 |     3 ||    37
         Summon Lightning  |       |       |       |       |    25 |       ||    25
         Summon Mana Viper |       |       |       |       |     3 |       ||     3
         Yara's Violent Un |       |       |       |       |     3 |       ||     3
 Invoke: Recall Ancestor   |       |       |       |     1 |     2 |       ||     3
         Ancestor Life: He |       |       |       |     1 |       |       ||     1
         Idealise          |       |       |       |       |     1 |       ||     1
  Evoke: Wand              |       |       |       |     5 |    14 |     2 ||    21
         Lightning rod     |       |       |       |       |     7 |       ||     7
         Tin of tremorston |       |       |       |       |     2 |       ||     2
    Use: Potion            |     1 |     3 |     2 |     4 |    12 |     4 ||    26
         Scroll            |       |       |       |    24 |    18 |     1 ||    43
   Stab: Sleeping          |    19 |    29 |    64 |    77 |    73 |     9 ||   271
         Invisible         |     1 |     1 |     6 |    21 |    21 |     7 ||    57
         Confused          |       |       |     2 |     9 |    51 |     3 ||    65
         Distracted        |       |       |       |     1 |    13 |     2 ||    16
         Paralysed         |       |       |       |       |    11 |     7 ||    18
 Armour: Robe              |     8 |    26 |    46 |     2 |       |       ||    82
         Steam dragon scal |       |       |       |   110 |   171 |    24 ||   305
  Dodge: Dodged            |    35 |    68 |   151 |   278 |   596 |    84 ||  1212
  Block: Other             |       |       |       |    66 |   101 |    16 ||   183

Table legend: (Time is in decaauts)
 A = Elapsed time spent in this place.
 B = Non-inter-level travel time spent in this place.
 C = Inter-level travel time spent in this place.
 D = Time resting spent in this place.
 E = Time spent auto-exploring this place.
 F = Levels seen in this place.
 G = Mean time per level.
                   A        B        C        D        E       F      G
               +--------+--------+--------+--------+--------+-----+--------+
         Total |  29544 |  27411 |   2133 |      0 |  22540 |  24 | 1231.0 |
       Dungeon |  15185 |  14069 |   1116 |      0 |  11673 |  11 | 1380.5 |
        Temple |     70 |     52 |     18 |      0 |     31 |   1 |   70.0 |
          Lair |   8699 |   7776 |    923 |      0 |   6570 |   5 | 1739.8 |
   Spider Nest |   1518 |   1492 |     26 |      0 |   1146 |   3 |  506.0 |
  Orcish Mines |   1529 |   1481 |     48 |      0 |   1243 |   2 |  764.5 |
         Sewer |   1536 |   1536 |      0 |      0 |   1177 |   1 | 1536.0 |
      Gauntlet |   1004 |   1004 |      0 |      0 |    700 |   1 | 1004.0 |
               +--------+--------+--------+--------+--------+-----+--------+

Top non-repeatable levels by time:
  Lair:5: 2268 daAuts
    D:11: 2184 daAuts
  Lair:4: 1937 daAuts
     D:9: 1871 daAuts
     D:6: 1740 daAuts
  Lair:2: 1658 daAuts
     D:4: 1599 daAuts
   Sewer: 1536 daAuts
  Lair:1: 1497 daAuts
  Lair:3: 1337 daAuts
     D:2: 1279 daAuts
     D:5: 1253 daAuts
     D:7: 1201 daAuts
    D:10: 1187 daAuts
     D:8: 1059 daAuts
